 Dungeon Crawl Stone Soup version 0.22-a0-455-ga0624bf (webtiles) character file.

79 galech the Skirmisher (level 4, 0/49 HPs)
             Began as an Ogre Berserker on June 5, 2018.
             Was a Believer of Trog.
             Slain by an orc
             ... wielding a +0 flail
              (2 damage)
             ... on level 2 of the Dungeon.
             The game lasted 00:02:12 (1073 turns).

galech the Skirmisher (Ogre Berserker)              Turns: 1073, Time: 00:02:13

Health: 0/49       AC:  3    Str: 22    XL:     4   Next: 38%
Magic:  4/4        EV: 10    Int:  8    God:    Trog [**....]
Gold:   85         SH:  0    Dex:  8    Spells: 3/3 levels left

rFire    . . .     SeeInvis .   a - +0 mace
rCold    . . .     Gourm    .   (no shield)
rNeg     . . .     Faith    .   b - +0 animal skin
rPois    .         Spirit   .   (helmet restricted)
rElec    .         Reflect  .   (no cloak)
rCorr    .         Harm     .   (gloves unavailable)
MR       .....                  (boots unavailable)
Stlth    +.........             (no amulet)
HPRegen  0.16/turn              (no ring)
MPRegen  0.09/turn              (no ring)

@: berserk cooldown, slowed, very slow
A: large, unfitting armour, tough skin 1
a: Berserk, Trog's Hand, Renounce Religion


You were on level 2 of the Dungeon.
You worshipped Trog.
Trog was pleased with you.
You were near starving.

You visited 1 branch of the dungeon, and saw 2 of its levels.

You collected 85 gold pieces.

Inventory:

Hand Weapons
 a - a +0 mace (weapon)
Armour
 b - a +0 animal skin (worn)
Scrolls
 j - 2 scrolls of enchant weapon
 k - a scroll of amnesia
Potions
 e - a potion of brilliance {unknown}
Comestibles
 c - a ration


   Skills:
 + Level 4.7 Fighting
 + Level 3.6 Maces & Flails
 + Level 3.5 Dodging


You had 3 spell levels left.
You didn't know any spells.
Your spell library was empty.

Dungeon Overview and Level Annotations

Branches:
Dungeon (2/15)

Altars:


Innate Abilities, Weirdness & Mutations

You are too large for most types of armour.
You have tough skin. (AC +1)


Message History

* * * LOW HITPOINT WARNING * * *
The orc barely misses you.
You thump the orc wizard!
You kill the orc wizard!
Trog accepts your kill.
Trog appreciates your killing of a magic user.
You can now call upon Trog for regeneration and magic resistance.
You have reached level 4!
The orc closely misses you.
You feel a strong urge to attack something.
You feel your anger nearly subside.
You are no longer berserk.
You are exhausted.
You feel yourself slow down. The orc barely misses you.
The orc barely misses you. The orc hits you with a flail.
* * * LOW HITPOINT WARNING * * *
The orc barely misses you. The orc hits you with a flail.
You die...

.# #.#..#......... #####.#
#.#............ ...#.#
#.#S########..#
######....#.#.#o# #..#
............#.#.# ###.###
#..#####.#S#######......
#........#o..[......>...
#.###########...........
#......@oSo.............
..............####...........
#############.# #.####......
#.# #.# #...... #.# #.#
#...... ... ..# ####### ..#
### ..#


You could see an adder and 2 orcs.

Vanquished Creatures
  An orc wizard (D:2)
  A worker ant (D:2)
  A worm (D:2)
  A leopard gecko (D:1)
  A ball python (D:1)
  5 goblins (D:1)
  5 hobgoblins
  4 jackals (D:1)
  2 bats
  2 frilled lizards (D:2)
  A kobold (D:1)
  6 rats (D:1)
30 creatures vanquished.

Notes
Turn   | Place    | Note
-------+----------+-------------------------------------------
     0 | D:1      | galech the Ogre Berserker began the quest for the Orb.
     0 | D:1      | Reached XP level 1. HP: 24/24 MP: 1/1
    27 | D:1      | Reached XP level 2. HP: 26/32 MP: 2/2
   669 | D:2      | Reached XP level 3. HP: 37/40 MP: 3/3
   732 | D:2      | Reached ** piety under Trog
   747 | D:2      | HP: 3/60 [hobgoblin (2)]
  1056 | D:2      | Reached XP level 4. HP: 6/49 MP: 4/4
  1068 | D:2      | HP: 1/49 [orc/flail (6)]
  1073 | D:2      | Slain by an orc

Vault maps used:
D:1:      minmay_arrival_shattered_statue, minmay_strange_pillars
D:2:      first_ration, minivault_11, uniq_sigmund

Skill      XL: |  1  2 |
---------------+-------+-----
Maces & Flails | 3 |  3.6
Dodging        | 3 |  3.5
Fighting       | |  4.7

Action                   |  1- 3 |  4- 6 || total
-------------------------+-------+-------++-------
Melee: Mace              |   113 |       ||   113
Invok: Berserk           |     2 |       ||     2
  Use: Scroll            |     3 |       ||     3
       Potion            |     3 |       ||     3
  Eat: Chunk             |     1 |       ||     1
Armor: Animal skin       |    36 |       ||    36
       Skin              |    11 |       ||    11
Dodge: Dodged            |    75 |     4 ||    79

Table legend:
 A = Spawn XP
 B = Non-spawn XP
 C = Spawn XP percentage of total XP
 D = Spawn monster count
 E = Non-spawn monster count
 F = Spawn count percentage of total count
 G = Total turns spent on level
                    A         B        C        D         E        F      G
               +---------+---------+-------+---------+---------+-------+---------
         Total |       0 |     114 |   0.0 |       0 |      30 |   0.0 |  1073
               +---------+---------+-------+---------+---------+-------+---------
           D:1 |       0 |      33 |   0.0 |       0 |      21 |   0.0 |   633
           D:2 |       0 |      81 |   0.0 |       0 |       9 |   0.0 |   440
               +---------+---------+-------+---------+---------+-------+---------
